[Event "Titled Tuesday Blitz February 21 Late 2023"]
[White "Nakamura, Hikaru"]
[Black "Karwowski, Kacper"]
[WhiteFideId "2016192"]
[BlackFideId "1126032"]
[WhiteElo "2775"]
[BlackElo "2164"]
[Result "1-0"]
[Round "01"]
[TimeControl "180+2"]
[Date "2023.02.21"]
[WhiteClock "0:01:40"]
[BlackClock "0:00:05"]

1. Nf3 d5 2. g3 Nf6 3. Bg2 Bf5 4. d3 e6 5. Nh4 Bg6 6. Nxg6 hxg6 7. Nd2 c6 8. e4 dxe4 9. dxe4 e5 10. Qe2 Nbd7 11. h4 Be7 12. O-O Qc7 13. b3 O-O-O 14. Bb2 Bc5 15. Nc4 Rhe8 16. Bh3 Kb8 17. Rad1 b5 18. Nd2 Nb6 19. Nf3 Nbd7 20. Rd3 Re7 21. Rfd1 Rde8 22. a4 a6 23. axb5 axb5 24. Kg2 Kb7 25. c3 Bb6 26. Ba3 Nc5 27. Bxc5 Bxc5 28. b4 Bb6 29. c4 bxc4 30. Ra3 Ra8 31. Rxa8 Kxa8 32. Qxc4 Kb7 33. Ra1 Re8 34. Qa6+ Kb8 35. Qa8# 1-0


[Site "https://www.chess.com"]

[Event "Titled Tuesday Blitz February 21 Late 2023"]
[White "Przybylski, Wojciech"]
[Black "Naroditsky, Daniel"]
[WhiteFideId "1117599"]
[BlackFideId "2026961"]
[WhiteElo "2321"]
[BlackElo "2618"]
[Result "0-1"]
[Round "01"]
[TimeControl "180+2"]
[Date "2023.02.21"]
[WhiteClock "0:00:02"]
[BlackClock "0:00:47"]

1. e4 c5 2. Nf3 d6 3. Bb5+ Nd7 4. a4 Nf6 5. Nc3 e6 6. O-O Be7 7. a5 a6 8. Bc4 O-O 9. d4 cxd4 10. Nxd4 Ne5 11. Be2 Bd7 12. f4 Nc6 13. Nxc6 Bxc6 14. Bd3 d5 15. e5 Bc5+ 16. Kh1 Ne4 17. Bxe4 dxe4 18. Qe2 Qd4 19. Bd2 Rad8 20. Rad1 e3 21. Bc1 Qb4 22. Bxe3 Bxe3 23. Qxe3 Qxb2 24. Rd2 Qa3 25. h3 Qxa5 26. Rfd1 Rxd2 27. Qxd2 Qb4 28. Qd3 Qxf4 29. Re1 h5 30. Kg1 Qg5 31. Qe2 Rd8 32. Rd1 Rxd1+ 33. Nxd1 a5 34. Nc3 a4 35. Kh2 a3 36. g3 Qc1 0-1


[Site "https://www.chess.com"]

[Event "Titled Tuesday Blitz February 21 Late 2023"]
[White "Nihal Sarin"]
[Black "Garcia, Gabriel Gonzaga"]
[WhiteFideId "25092340"]
[BlackFideId "2138956"]
[WhiteElo "2673"]
[BlackElo "2091"]
[Result "1-0"]
[Round "01"]
[TimeControl "180+2"]
[Date "2023.02.21"]
[WhiteClock "0:00:33"]
[BlackClock "0:00:02"]

1. e4 c6 2. Nc3 d5 3. Nf3 dxe4 4. Nxe4 Nf6 5. Qe2 Bf5 6. Nxf6+ gxf6 7. d3 Nd7 8. g3 e6 9. Bg2 Bd6 10. O-O O-O 11. Nd4 Bg6 12. Nxe6 Re8 13. Nxd8 Rxe2 14. Nxb7 Bc7 15. Bxc6 Ne5 16. Bg2 Rxc2 17. d4 Nd3 18. d5 Bb6 19. Be3 Bxe3 20. fxe3 Rxb2 21. d6 Rxg2+ 22. Kxg2 Be4+ 23. Kg1 Bxb7 24. Rxf6 Rd8 25. Rd1 Be4 26. g4 Kg7 27. g5 Bg6 28. h4 Nc5 29. Rd4 Ne4 30. Rxg6+ Kxg6 31. Rxe4 Rxd6 32. Ra4 a6 33. Kf2 Kh5 34. Kg3 Re6 35. Kf3 f6 36. gxf6 Rxf6+ 37. Rf4 Rb6 38. a4 a5 39. Kg3 Rb4 40. Rf5+ Kg6 41. Rg5+ Kf6 42. Rxa5 Re4 43. h5 Rxe3+ 44. Kf4 Ra3 45. Ra6+ Kg7 46. a5 Ra1 47. Ke5 Re1+ 48. Kd5 Rd1+ 49. Kc4 Rc1+ 50. Kd3 Rd1+ 51. Kc2 Rh1 52. h6+ Kf7 53. Kc3 Rc1+ 54. Kb4 Rb1+ 55. Kc5 Rc1+ 56. Kb6 Rb1+ 57. Kc7 Rc1+ 58. Rc6 Ra1 59. a6 Ke7 60. Kb7 Rb1+ 61. Rb6 Ra1 62. a7 1-0


[Site "https://www.chess.com"]

[Event "Titled Tuesday Blitz February 21 Late 2023"]
[White "Petrovic, Aleksa"]
[Black "Andreikin, Dmitry"]
[WhiteFideId "967629"]
[BlackFideId "4158814"]
[WhiteElo "2332"]
[BlackElo "2729"]
[Result "0-1"]
[Round "01"]
[TimeControl "180+2"]
[Date "2023.02.21"]
[WhiteClock "0:00:03"]
[BlackClock "0:00:26"]

1. d4 Nf6 2. c4 e6 3. Nf3 b6 4. g3 Bb7 5. Bg2 Bb4+ 6. Bd2 a5 7. O-O O-O 8. Bf4 Be7 9. Nc3 Ne4 10. Rc1 d6 11. Qd3 Nxc3 12. bxc3 h6 13. Rb1 Nd7 14. Bc1 Nf6 15. Qd1 Be4 16. Rb5 Qd7 17. Re1 Qc6 18. Qa4 Rfd8 19. Ba3 Qe8 20. Qd1 Qc6 21. Qa4 Bf8 22. Bf1 Qe8 23. Qd1 Bc6 24. Rb1 e5 25. Bg2 e4 26. Nd2 e3 27. Bxc6 exf2+ 28. Kxf2 Qxc6 29. e4 Re8 30. d5 Qd7 31. Kg2 g6 32. Qf3 Bg7 33. Re2 Ng4 34. Rf1 Ne5 35. Qf2 Qa4 36. Bc1 Re7 37. Nf3 Nd3 38. Qe3 Qxc4 39. Nd2 Qxc3 40. Nb1 Qc4 41. Na3 Qa6 42. Bd2 Rae8 43. Rf3 Nc5 44. e5 Rxe5 0-1


[Site "https://www.chess.com"]

[Event "Titled Tuesday Blitz February 21 Late 2023"]
[White "Caruana, Fabiano"]
[Black "Antonios, Johnny"]
[WhiteFideId "2020009"]
[BlackFideId "5300843"]
[WhiteElo "2764"]
[BlackElo "2269"]
[Result "1-0"]
[Round "01"]
[TimeControl "180+2"]
[Date "2023.02.21"]
[WhiteClock "0:01:44"]
[BlackClock "0:02:04"]

1. d4 Nf6 2. Bg5 e6 3. e4 h6 4. Bxf6 Qxf6 5. c3 d5 6. Nd2 c5 7. Ngf3 Nc6 8. Bb5 Bd7 9. exd5 exd5 10. O-O Be7 11. dxc5 O-O 12. Nb3 Bg4 13. Qxd5 Rfe8 14. Rfe1 Rad8 15. Qe4 Bf5 16. Qf4 g5 17. Qa4 Bc2 18. Bxc6 bxc6 19. Nfd4 Bxc5 20. Rxe8+ Rxe8 21. Qxc6 Qxc6 22. Nxc6 Re2 23. Nxc5 1-0


[Site "https://www.chess.com"]

[Event "Titled Tuesday Blitz February 21 Late 2023"]
[White "Yeritsyan, Hayk"]
[Black "Vachier-Lagrave, Maxime"]
[WhiteFideId "13307320"]
[BlackFideId "623539"]
[WhiteElo "2241"]
[BlackElo "2742"]
[Result "0-1"]
[Round "01"]
[TimeControl "180+2"]
[Date "2023.02.21"]
[WhiteClock "0:00:03"]
[BlackClock "0:01:05"]

1. d4 Nf6 2. Nf3 g6 3. Bf4 Bg7 4. h3 O-O 5. e3 b6 6. c3 Bb7 7. Be2 e6 8. O-O d6 9. Bh2 Nbd7 10. Nbd2 Qe7 11. Rc1 e5 12. Nc4 Ne4 13. Nfd2 Nxd2 14. Nxd2 c5 15. Bf3 d5 16. Re1 Rad8 17. Qb3 e4 18. Be2 c4 19. Qc2 b5 20. b3 Nb6 21. a4 a6 22. axb5 axb5 23. bxc4 dxc4 24. Ra1 Ra8 25. Reb1 Bc6 26. Qb2 Nd5 27. Rxa8 Rxa8 28. Ra1 Rxa1+ 29. Qxa1 Bf8 30. Be5 f6 31. Bg3 f5 32. Be5 Qa3 33. Qxa3 Bxa3 34. Nb1 Bb2 35. Bf1 Bd7 36. g4 Nxc3 37. d5 Ne2+ 38. Bxe2 Bxe5 39. Na3 Bd6 0-1


[Site "https://www.chess.com"]

[Event "Titled Tuesday Blitz February 21 Late 2023"]
[White "Kramnik, Vladimir"]
[Black "Womacka, Mathias"]
[WhiteFideId "4101588"]
[BlackFideId "4611390"]
[WhiteElo "2753"]
[BlackElo "2396"]
[Result "1-0"]
[Round "01"]
[TimeControl "180+2"]
[Date "2023.02.21"]
[WhiteClock "0:01:16"]
[BlackClock "0:00:23"]

1. Nf3 c5 2. e3 Nf6 3. d4 e6 4. c4 d5 5. cxd5 exd5 6. Bb5+ Nc6 7. O-O cxd4 8. exd4 Be7 9. Ne5 Qb6 10. Bxc6+ bxc6 11. Re1 O-O 12. Nc3 Bb4 13. Bd2 Bxc3 14. Bxc3 Ne4 15. Rc1 Nxc3 16. Rxc3 Qxb2 17. Rc2 Qa3 18. Nxc6 Be6 19. Re3 Qd6 20. Qc1 Rfe8 21. h3 Bf5 22. Rc5 h6 23. Re5 Rxe5 24. dxe5 Qd7 25. Nd4 Rc8 26. Rxc8+ Qxc8 27. Qxc8+ Bxc8 28. f4 Kf8 29. Kf2 Ke8 30. Ke3 Kd7 31. Nf5 g6 32. Nd6 Ba6 33. Nxf7 1-0


[Site "https://www.chess.com"]

[Event "Titled Tuesday Blitz February 21 Late 2023"]
[White "Bon, Michael"]
[Black "Paravyan, David"]
[WhiteFideId "620696"]
[BlackFideId "4194985"]
[WhiteElo "2394"]
[BlackElo "2601"]
[Result "0-1"]
[Round "01"]
[TimeControl "180+2"]
[Date "2023.02.21"]
[WhiteClock "0:00:15"]
[BlackClock "0:00:17"]

1. e4 e5 2. Nf3 Nf6 3. Nc3 Nc6 4. Bb5 Nd4 5. Bc4 Bc5 6. Nxe5 Qe7 7. Nf3 d5 8. Nxd5 Qxe4+ 9. Ne3 Bg4 10. Be2 Nxe2 11. Qxe2 O-O-O 12. d3 Bxf3 13. Qxf3 Qxf3 14. gxf3 Rhe8 15. Kf1 Nd5 16. Nxd5 Rxd5 17. Bd2 Rf5 18. f4 Bd6 19. Rg1 g6 20. Rg5 Rf6 21. Re1 Rxe1+ 22. Kxe1 Bxf4 23. Bxf4 Rxf4 24. Rg3 Rh4 25. h3 Kd7 26. Kf1 a5 27. Kg2 Rb4 28. b3 f5 29. Re3 a4 30. Re5 axb3 31. axb3 Rb6 32. Rc5 Rc6 33. Rxc6 Kxc6 34. Kf3 g5 35. Kg3 Kd5 36. f4 h6 37. c3 c5 38. fxg5 hxg5 39. h4 gxh4+ 40. Kxh4 b5 0-1


[Site "https://www.chess.com"]

[Event "Titled Tuesday Blitz February 21 Late 2023"]
[White "Dubov, Daniil"]
[Black "The_Sherman_Variation"]
[WhiteFideId "24126055"]
[WhiteElo "2708"]
[BlackElo "2501"]
[Result "1/2-1/2"]
[Round "01"]
[TimeControl "180+2"]
[Date "2023.02.21"]
[WhiteClock "0:00:15"]
[BlackClock "0:00:13"]

1. e4 c5 2. Nf3 g6 3. c3 d5 4. exd5 Qxd5 5. Na3 Bg7 6. d4 cxd4 7. Bc4 Qd8 8. Qb3 e6 9. O-O Ne7 10. Nxd4 O-O 11. Rd1 Qa5 12. Nab5 Nbc6 13. Nxc6 Nxc6 14. Bf4 Ne5 15. Be2 a6 16. Nd6 b5 17. a4 Qb6 18. axb5 Bd7 19. Nc4 Nxc4 20. Rxd7 axb5 21. Rxa8 Rxa8 22. g3 Ra1+ 23. Rd1 Rxd1+ 24. Bxd1 h5 25. Be2 Qc5 26. Qc2 Qd5 27. h4 Be5 28. Bg5 Kg7 29. b3 Nd6 30. c4 bxc4 31. bxc4 Qc6 32. c5 Nf5 33. Qc4 Bd4 34. Bd3 Qxc5 35. Qxc5 Bxc5 36. Kg2 Bd6 37. Bd2 Be5 38. Be1 Bf6 39. Bb4 Ne7 40. Be4 Nd5 41. Bd2 Nc3 42. Bd3 Nd5 43. Be1 Nc3 44. f3 Nd5 45. Bd2 Bd4 46. g4 hxg4 47. fxg4 f5 48. Kf3 Kf6 49. Bg5+ Kf7 50. Bc4 Nf6 51. gxf5 gxf5 52. Kf4 Nh5+ 53. Kf3 Bf6 54. Ke3 Bxg5+ 55. hxg5 Ng7 56. Kf4 Kg6 57. Bb3 Nh5+ 58. Ke5 Kxg5 59. Bxe6 f4 60. Bd5 Kg4 61. Kd4 Kg3 62. Kd3 Nf6 63. Bc6 Ng4 64. Ke2 Ne5 65. Bd5 Ng6 66. Be4 Nh4 67. Bd5 Nf5 68. Be4 Nd4+ 69. Kd3 Ne6 70. Ke2 Ng5 71. Bd5 Nh7 72. Be4 Nf6 73. Bc6 Ng4 74. Bb7 Ne5 75. Ba8 Nc4 76. Bb7 f3+ 77. Bxf3 1/2-1/2


[Site "https://www.chess.com"]

[Event "Titled Tuesday Blitz February 21 Late 2023"]
[White "Mortazavi, Ali"]
[Black "Sarana, Alexey"]
[WhiteFideId "401323"]
[BlackFideId "24133795"]
[WhiteElo "2333"]
[BlackElo "2685"]
[Result "0-1"]
[Round "01"]
[TimeControl "180+2"]
[Date "2023.02.21"]
[WhiteClock "0:00:01"]
[BlackClock "0:00:03"]

1. e4 e5 2. Bc4 Nf6 3. d3 d5 4. exd5 Nxd5 5. Nf3 Nc6 6. O-O Bg4 7. Re1 Qd6 8. Nbd2 O-O-O 9. h3 Bh5 10. Ne4 Qd7 11. Ng3 Bxf3 12. Qxf3 Nd4 13. Qd1 Nb6 14. Bb3 a5 15. c3 Nxb3 16. axb3 Qxd3 17. Qg4+ Qd7 18. Rxa5 Qxg4 19. hxg4 f6 20. Be3 h6 21. Rea1 c5 22. Ne4 Kc7 23. Bxc5 Bxc5 24. Rxc5+ Kb8 25. Rb5 Nc8 26. Nc5 b6 27. Na4 Kc7 28. c4 Kc6 29. Nc3 Nd6 30. Rb4 Ra8 31. Rd1 Rhe8 32. Nd5 Nc8 33. Nc3 Ra5 34. Rb5 Rxb5 35. Nxb5 Kc5 36. Rd7 Rg8 37. Nc7 Kb4 38. Ne6 Kxb3 39. Nxg7 Kxb2 40. Rc7 Nd6 41. f3 Kb3 42. Nf5 Nxc4 43. Nxh6 Rf8 44. Nf5 b5 45. Ne7 b4 46. Nd5 Rd8 47. Nxf6 Rd1+ 48. Kh2 Ne3 49. g5 Rd2 50. Ng4 Nxg4+ 51. fxg4 Rd6 0-1


[Site "https://www.chess.com"]

[Event "Titled Tuesday Blitz February 21 Late 2023"]
[White "Kollars, Dmitrij"]
[Black "Vega Gutierrez, Sabrina"]
[WhiteFideId "12909572"]
[BlackFideId "2219026"]
[WhiteElo "2607"]
[BlackElo "2377"]
[Result "1-0"]
[Round "01"]
[TimeControl "180+2"]
[Date "2023.02.21"]
[WhiteClock "0:00:43"]
[BlackClock "0:00:15"]

1. Nf3 d5 2. d4 e6 3. c4 Nf6 4. g3 c6 5. Bg2 Be7 6. O-O O-O 7. Qc2 b6 8. Rd1 Bb7 9. Bf4 Nbd7 10. Nbd2 Rc8 11. e4 c5 12. exd5 exd5 13. dxc5 Nxc5 14. Ne5 Nh5 15. Be3 Bd6 16. Ndf3 Qe7 17. Bd4 dxc4 18. Nxc4 Be4 19. Qe2 Bb8 20. Nfd2 b5 21. Bxc5 Qxc5 22. Nxe4 Qxc4 23. Qxh5 1-0


[Site "https://www.chess.com"]

[Event "Titled Tuesday Blitz February 21 Late 2023"]
[White "Kleiman, Jake"]
[Black "Deac, Bogdan-Daniel"]
[WhiteFideId "2020041"]
[BlackFideId "1226380"]
[WhiteElo "2399"]
[BlackElo "2700"]
[Result "0-1"]
[Round "01"]
[TimeControl "180+2"]
[Date "2023.02.21"]
[WhiteClock "0:00:37"]
[BlackClock "0:00:13"]

1. e4 g6 2. d4 Bg7 3. Nc3 Nc6 4. Nf3 d6 5. h3 e5 6. dxe5 Nxe5 7. Nxe5 Bxe5 8. Be3 Be6 9. Qd2 Bg7 10. O-O-O Ne7 11. Bd4 Bxd4 12. Qxd4 O-O 13. f4 Nc6 14. Qf2 f5 15. exf5 Rxf5 16. Bd3 Rf8 17. g4 Qf6 18. Rhf1 Nb4 19. a3 Nxd3+ 20. cxd3 Rae8 21. Rde1 d5 22. Qxa7 c6 23. Qf2 b5 24. Qc5 Bf7 25. Rxe8 Rxe8 26. Qf2 Qd6 27. f5 b4 28. axb4 Qxb4 29. Qd2 Qa5 30. Nb1 Qc5+ 31. Qc3 Qe3+ 32. Nd2 Qxh3 33. Qxc6 Qxg4 34. f6 Rc8 0-1


[Site "https://www.chess.com"]

[Event "Titled Tuesday Blitz February 21 Late 2023"]
[White "Bortnyk, Olexandr"]
[Black "Zochowski, Kacper"]
[WhiteFideId "14120828"]
[BlackFideId "1125494"]
[WhiteElo "2605"]
[BlackElo "2262"]
[Result "1-0"]
[Round "01"]
[TimeControl "180+2"]
[Date "2023.02.21"]
[WhiteClock "0:02:06"]
[BlackClock "0:02:11"]

1. d4 d6 2. Nc3 Nf6 3. e4 e5 4. Nf3 Nbd7 5. Bc4 Be7 6. O-O O-O 7. a4 c6 8. Re1 a5 9. h3 Qc7 10. Be3 h6 11. Nh4 exd4 12. Bxd4 Nc5 13. Ng6 Re8 14. e5 dxe5 15. Bxe5 Qd8 16. Qxd8 Bxd8 17. Bxf6 Rxe1+ 18. Rxe1 Bxf6 19. Re8+ Kh7 20. Nf8+ Kg8 21. Nd7+ Kh7 22. Nxc5 1-0


[Site "https://www.chess.com"]

[Event "Titled Tuesday Blitz February 21 Late 2023"]
[White "Mazurkiewicz, Michal"]
[Black "Martinez Alcantara, Jose Eduardo"]
[WhiteFideId "1124943"]
[BlackFideId "3805662"]
[WhiteElo "2145"]
[BlackElo "2619"]
[Result "0-1"]
[Round "01"]
[TimeControl "180+2"]
[Date "2023.02.21"]
[WhiteClock "0:00:03"]
[BlackClock "0:00:49"]

1. e4 c5 2. Nf3 d6 3. g3 Nf6 4. d3 g6 5. Bg2 Bg7 6. O-O O-O 7. Re1 Nc6 8. e5 Ne8 9. exd6 exd6 10. Nc3 Nf6 11. a4 a6 12. Bf4 h6 13. h4 Bg4 14. Qd2 Bxf3 15. Bxf3 Nd4 16. Bg2 Kh7 17. Nd5 Nxd5 18. Bxd5 Qd7 19. c3 Ne6 20. Be3 Rae8 21. Qc2 h5 22. Qb3 Re7 23. Re2 Rfe8 24. Rae1 Nd4 25. cxd4 cxd4 26. Bxf7 Rxf7 27. Bg5 Re5 28. f4 Re3 29. Rxe3 dxe3 30. Kh2 Bd4 31. Qd5 Ba7 32. b4 Qf5 33. Qxf5 gxf5 34. b5 axb5 35. axb5 Rc7 36. Kg2 Rc2+ 37. Kh3 Bd4 38. Be7 e2 39. Bxd6 Bc3 40. Rxe2 Rxe2 0-1


[Site "https://www.chess.com"]

[Event "Titled Tuesday Blitz February 21 Late 2023"]
[White "Fedoseev, Vladimir"]
[Black "Le Goff, Ronan"]
[WhiteFideId "24130737"]
[BlackFideId "612073"]
[WhiteElo "2680"]
[BlackElo "2320"]
[Result "1-0"]
[Round "01"]
[TimeControl "180+2"]
[Date "2023.02.21"]
[WhiteClock "0:02:39"]
[BlackClock "0:01:45"]

1. e4 e5 2. Nf3 Nc6 3. Bb5 a6 4. Ba4 Nf6 5. O-O b5 6. Bb3 Be7 7. Re1 O-O 8. a4 Bb7 9. d3 d6 10. Bd2 Re8 11. h3 Bf8 12. Nc3 b4 13. Nd5 Nxd5 14. Bxd5 a5 15. Ng5 Re7 16. Qh5 h6 17. Nxf7 1-0


[Site "https://www.chess.com"]

[Event "Titled Tuesday Blitz February 21 Late 2023"]
[White "ArturoCaceres"]
[Black "Bluebaum, Matthias"]
[BlackFideId "24651516"]
[WhiteElo "2405"]
[BlackElo "2669"]
[Result "0-1"]
[Round "01"]
[TimeControl "180+2"]
[Date "2023.02.21"]
[WhiteClock "0:00:16"]
[BlackClock "0:01:49"]

1. e4 e6 2. d4 d5 3. Nc3 Nf6 4. Bg5 dxe4 5. Nxe4 Be7 6. Bxf6 gxf6 7. Nf3 f5 8. Nc3 a6 9. d5 c6 10. dxe6 Bxe6 11. Qxd8+ Kxd8 12. O-O-O+ Kc7 13. Bd3 Bf6 14. Ne2 Nd7 15. Nf4 Nc5 16. Nxe6+ fxe6 17. Rhe1 Rad8 18. Ne5 Rd5 19. Nc4 Rhd8 20. Be2 Ne4 21. f3 Bg5+ 22. Kb1 Nf2 23. Rxd5 exd5 24. Ne5 Re8 25. Bf1 Bf4 26. Nd3 Rxe1+ 27. Nxe1 Bxh2 28. Nd3 Nh1 29. Nc5 Bg1 30. Ne6+ Kd6 31. Ng5 h6 32. Nf7+ Ke6 33. Nxh6 Be3 34. Ng8 Kf7 35. Bd3 Ng3 36. c4 Kxg8 37. cxd5 cxd5 38. Bc2 Kf7 39. Bb3 Ke6 40. Kc2 Ke5 41. Kd3 f4 42. Bc2 Bb6 43. b4 Nf5 44. a4 Nh4 45. Bb3 Nxg2 46. Ke2 Nh4 47. Kd3 Nxf3 48. Bd1 Nd4 49. b5 axb5 50. axb5 Nxb5 51. Bf3 Nd6 52. Ke2 Bc5 53. Kd3 b5 54. Bd1 b4 55. Bb3 Nb5 56. Ba4 Nd4 57. Bd1 f3 58. Ke3 b3 59. Bxb3 Nxb3+ 60. Kxf3 d4 61. Ke2 Ke4 0-1


[Site "https://www.chess.com"]

[Event "Titled Tuesday Blitz February 21 Late 2023"]
[White "Tang, Andrew"]
[Black "Rottenwohrer Suarez, Juan"]
[WhiteFideId "2059630"]
[BlackFideId "32068182"]
[WhiteElo "2523"]
[BlackElo "2265"]
[Result "1/2-1/2"]
[Round "01"]
[TimeControl "180+2"]
[Date "2023.02.21"]
[WhiteClock "0:00:16"]
[BlackClock "0:00:02"]

1. Nh3 Nf6 2. g3 g6 3. Bg2 Bg7 4. O-O O-O 5. f4 c5 6. d3 Nc6 7. e4 Rb8 8. Nf2 b5 9. Nd2 a5 10. g4 Bb7 11. Nf3 Nd4 12. g5 Ne8 13. c3 Nxf3+ 14. Qxf3 b4 15. Bd2 Nc7 16. Qh3 d5 17. Rad1 bxc3 18. bxc3 Ba6 19. Rfe1 Rb2 20. f5 Rxd2 21. Rxd2 Bxc3 22. Rdd1 Bxe1 23. Rxe1 dxe4 24. dxe4 Qd4 25. Rd1 Qb2 26. f6 exf6 27. Ng4 fxg5 28. e5 h5 29. Nf6+ Kg7 30. Be4 Qxe5 31. Nd7 Qxe4 32. Qc3+ Kh6 33. Nxf8 Qg4+ 34. Kf2 Qe2+ 35. Kg3 h4+ 36. Kh3 Bc8+ 37. Nd7 Qe6+ 38. Kg2 Qe2+ 39. Kh3 Qe6+ 40. Kg2 Qe2+ 41. Kh3 1/2-1/2


[Site "https://www.chess.com"]

[Event "Titled Tuesday Blitz February 21 Late 2023"]
[White "Hajiyev, Kanan"]
[Black "Babazada, Khazar"]
[WhiteFideId "13404148"]
[BlackFideId "13413554"]
[WhiteElo "2197"]
[BlackElo "2474"]
[Result "0-1"]
[Round "01"]
[TimeControl "180+2"]
[Date "2023.02.21"]
[WhiteClock "0:00:45"]
[BlackClock "0:01:12"]

1. d4 Nf6 2. Nf3 g6 3. g3 Bg7 4. Bg2 O-O 5. O-O d6 6. b3 Nbd7 7. Bb2 a6 8. c4 Rb8 9. Nbd2 b5 10. Rc1 c5 11. d5 bxc4 12. Nxc4 Nb6 13. Na5 Bd7 14. Ne1 Nbxd5 15. Nb7 Rxb7 16. Bxf6 Bxf6 17. Bxd5 Rb8 18. h4 Qa5 19. Rc2 e6 20. Bf3 d5 21. e3 Rfc8 22. Nd3 c4 23. bxc4 Ba4 24. h5 Bxc2 25. Qxc2 Rxc4 26. Qe2 Rc3 27. Nf4 Qb5 28. Qd1 g5 29. Ne2 Rd3 30. Qc1 Qc4 31. Qa3 Rxa3 0-1


[Site "https://www.chess.com"]

[Event "Titled Tuesday Blitz February 21 Late 2023"]
[White "Makarian, Rudik"]
[Black "Mikhalsky, Vladimir"]
[WhiteFideId "44105681"]
[BlackFideId "14144352"]
[WhiteElo "2545"]
[BlackElo "2219"]
[Result "1-0"]
[Round "01"]
[TimeControl "180+2"]
[Date "2023.02.21"]
[WhiteClock "0:02:05"]
[BlackClock "0:00:16"]

1. d4 Nf6 2. c4 g6 3. Nc3 Bg7 4. e4 d6 5. Be2 O-O 6. Be3 e5 7. d5 a5 8. g4 Na6 9. g5 Nd7 10. h4 f5 11. gxf6 Bxf6 12. h5 Bg5 13. hxg6 Bxe3 14. fxe3 Qg5 15. Kd2 Nf6 16. Nf3 Qxg6 17. Rg1 Bg4 18. Nh2 h5 19. Bxg4 hxg4 20. Nxg4 Kh8 21. Nxf6 Qxf6 22. Qh5+ 1-0


[Site "https://www.chess.com"]

[Event "Titled Tuesday Blitz February 21 Late 2023"]
[White "Tworuszka, Michal"]
[Black "Tabatabaei, M. Amin"]
[WhiteFideId "1117858"]
[BlackFideId "12521213"]
[WhiteElo "2260"]
[BlackElo "2677"]
[Result "0-1"]
[Round "01"]
[TimeControl "180+2"]
[Date "2023.02.21"]
[WhiteClock "0:00:08"]
[BlackClock "0:00:08"]

1. e4 c6 2. d4 d5 3. Nc3 dxe4 4. Nxe4 Nf6 5. Nxf6+ exf6 6. Be3 Na6 7. a3 Bd6 8. Bd3 Nc7 9. c4 O-O 10. Ne2 Re8 11. O-O Bg4 12. Qc2 Bxe2 13. Bxe2 Ne6 14. g3 Qd7 15. Rad1 Ng5 16. Bxg5 fxg5 17. Bf3 g4 18. Bg2 Bc7 19. d5 c5 20. d6 Bxd6 21. Bxb7 Qxb7 22. Rxd6 Rad8 23. Rxd8 Rxd8 24. Re1 h5 25. Qc3 Rd4 26. b4 Qa6 27. bxc5 Qxc4 28. Qxc4 Rxc4 29. Re7 a5 30. Re5 g6 31. c6 a4 32. Ra5 Rxc6 33. Rxa4 Kg7 34. Rf4 Rc1+ 35. Kg2 Ra1 36. a4 Ra2 37. h3 g5 38. Rb4 gxh3+ 39. Kg1 g4 40. Rf4 Kg6 41. Re4 h2+ 42. Kxh2 Rxf2+ 43. Kg1 Ra2 44. Rd4 Kg5 45. Rd5+ f5 46. Rd4 h4 47. gxh4+ Kxh4 48. Rb4 Kg5 49. Kf1 f4 50. Rb5+ Kh4 51. a5 f3 0-1


[Site "https://www.chess.com"]

[Event "Titled Tuesday Blitz February 21 Late 2023"]
[White "Svane, Rasmus"]
[Black "Pein, Jonathan"]
[WhiteFideId "4657101"]
[BlackFideId "417092"]
[WhiteElo "2623"]
[BlackElo "2265"]
[Result "1-0"]
[Round "01"]
[TimeControl "180+2"]
[Date "2023.02.21"]
[WhiteClock "0:01:05"]
[BlackClock "0:00:02"]

1. Nf3 g6 2. e4 Bg7 3. d4 d6 4. Bd3 a6 5. O-O e6 6. c3 Ne7 7. Re1 Nd7 8. Be3 h6 9. Nbd2 b6 10. Nf1 Bb7 11. Ng3 O-O 12. Qd2 Kh7 13. Rad1 Nf6 14. h3 c5 15. Qe2 Qc7 16. Bf4 Nd7 17. h4 e5 18. dxe5 Nxe5 19. Nxe5 dxe5 20. Be3 h5 21. a4 Ng8 22. Bc4 Nf6 23. Bg5 Bc6 24. b3 Ng4 25. Bxa6 Bf6 26. f3 Bxg5 27. hxg5 Ne3 28. Rd2 c4 29. Bxc4 Nxc4 30. Qxc4 Qb7 31. Red1 b5 32. axb5 Bxb5 33. Qc5 Rfe8 34. c4 Bc6 35. Rd6 Rac8 36. Qe3 Qe7 37. Nh1 Red8 38. Rxd8 Rxd8 39. Rxd8 Qxd8 40. Nf2 h4 41. Kh2 Kg7 42. Ng4 Qd6 43. Qf2 Bd7 44. Nf6 h3 45. Qh4 Kf8 46. Qh8+ Ke7 47. Nd5+ 1-0


[Site "https://www.chess.com"]

[Event "Titled Tuesday Blitz February 21 Late 2023"]
[White "Ezat, Mohamed"]
[Black "Bortnyk, Mykola"]
[WhiteFideId "10600906"]
[BlackFideId "14120836"]
[WhiteElo "2402"]
[BlackElo "2425"]
[Result "1/2-1/2"]
[Round "01"]
[TimeControl "180+2"]
[Date "2023.02.21"]
[WhiteClock "0:00:23"]
[BlackClock "0:01:03"]

1. d4 g6 2. c4 Bg7 3. e4 d6 4. Nc3 e6 5. Be2 Ne7 6. h4 h6 7. Be3 Nd7 8. Qd2 b6 9. O-O-O Bb7 10. Nf3 a6 11. Kb1 e5 12. dxe5 Nxe5 13. Nxe5 dxe5 14. Nd5 Nxd5 15. cxd5 Qd6 16. Rc1 f5 17. f3 f4 18. Bf2 O-O 19. Rc3 c5 20. g3 fxg3 21. Bxg3 b5 22. Rhc1 Rac8 23. R3c2 Kh7 24. Bf2 c4 25. Be3 Qf6 26. Rh1 a5 27. Qxa5 Ra8 28. Qxb5 Ba6 29. Qc6 Qf7 30. h5 gxh5 31. Qe6 Qxe6 32. dxe6 Rae8 33. Rxh5 Rxe6 34. Rc1 c3 35. Bxa6 cxb2 36. Rc7 Rxa6 37. Rxe5 Rxf3 38. Bd4 Ra4 39. Rd5 Rf1+ 40. Kxb2 Rxd4 41. Rxd4 Kg6 42. Rxg7+ Kxg7 43. a4 h5 44. e5 Re1 45. Rh4 Rxe5 46. Kb3 1/2-1/2


[Site "https://www.chess.com"]

[Event "Titled Tuesday Blitz February 21 Late 2023"]
[White "Sjugirov, Sanan"]
[Black "CheckBits"]
[WhiteFideId "4189302"]
[WhiteElo "2712"]
[BlackElo "2452"]
[Result "1-0"]
[Round "01"]
[TimeControl "180+2"]
[Date "2023.02.21"]
[WhiteClock "0:01:06"]
[BlackClock "0:00:02"]

1. d4 e6 2. c4 Nf6 3. Nf3 d5 4. g3 dxc4 5. Bg2 c5 6. O-O Nc6 7. dxc5 Bxc5 8. Qa4 O-O 9. Qxc4 Be7 10. Nc3 e5 11. Rd1 Be6 12. Qb5 Qc7 13. Ng5 Bg4 14. Be3 Rad8 15. h3 Bh5 16. Rac1 Rxd1+ 17. Rxd1 h6 18. Nge4 Nxe4 19. Bxe4 f5 20. Nd5 Qd6 21. Nxe7+ Qxe7 22. Bc5 Qg5 23. Bd5+ 1-0


[Site "https://www.chess.com"]

[Event "Titled Tuesday Blitz February 21 Late 2023"]
[White "Bambino Filho, Antonio Carlos"]
[Black "Svane, Frederik"]
[WhiteFideId "2113163"]
[BlackFideId "12923044"]
[WhiteElo "2144"]
[BlackElo "2600"]
[Result "0-1"]
[Round "01"]
[TimeControl "180+2"]
[Date "2023.02.21"]
[WhiteClock "0:01:35"]
[BlackClock "0:01:57"]

1. e4 c5 2. Nf3 Nc6 3. d4 cxd4 4. Nxd4 g6 5. Nc3 Bg7 6. Be3 Nf6 7. Be2 d6 8. O-O O-O 9. Qd2 Bd7 10. f4 Rc8 11. a4 Re8 12. Rad1 Qa5 13. Nb3 Qb4 14. Bf3 Na5 15. e5 Nc4 16. Qe2 dxe5 17. Nd5 Nxd5 18. Bxd5 Nxe3 19. Qxe3 e6 20. Be4 Bxa4 21. fxe5 Bxb3 22. cxb3 Bxe5 23. Bd3 Bd4 0-1


[Site "https://www.chess.com"]